 Dungeon Crawl Stone Soup version 0.30.1-11-g7821555f0a (webtiles) character file.

Game seed: 18006265911360068976

739 Okkudo the Cleaver (level 7, -10/64 HPs)
             Began as a Hill Orc Monk on Dec 6, 2023.
             Was a Believer of Beogh.
             Mangled by Pikel
             ... wielding a +1 whip of electrocution
              (15 damage)
             ... on level 4 of the Dungeon.
             The game lasted 00:11:37 (3790 turns).

Okkudo the Cleaver (Hill Orc Monk)                  Turns: 3790, Time: 00:11:38

Health: -10/64     AC: 13    Str: 15 (16) XL:     7   Next: 75%
Magic:  7/7        EV:  3    Int:  9 (10) God:    Beogh [**....]
Gold:   190        SH: 12    Dex: 12 (13) Spells: 6/6 levels left

rFire   . . .        w - +0 war axe
rCold   . . .        r - +0 tower shield
rNeg    . . .        n - +0 chain mail
rPois   .            (no helmet)
rElec   .            (no cloak)
rCorr   .            f - +0 pair of gloves
SInv    .            (no boots)
Will    +....        (no amulet) Stlth
                     e - +4 ring of protection
HPRegen 0.30/turn    j - ring of willpower
MPRegen 0.10/turn

%: no passive effects
@: studying Stealth
A: no striking features
a: Renounce Religion, Smiting


You were on level 4 of the Dungeon.
You worshipped Beogh.
Beogh was pleased with you.
You visited 1 branch of the dungeon, and saw 4 of its levels.

You collected 190 gold pieces.

Inventory:

Hand Weapons
 w - a +0 war axe (weapon)
Missiles
 s - 3 curare-tipped darts (quivered)
Armour
 f - a +0 pair of gloves (worn)
 n - a +0 chain mail (worn)
 r - a +0 tower shield (worn)
Jewellery
 a - a ring of willpower
 e - a +4 ring of protection (left hand)
 j - a ring of willpower (right hand)
Wands
 c - a wand of roots (9)
 v - a wand of paralysis (10)
Scrolls
 g - 2 scrolls of teleportation {unknown}
 k - 2 scrolls of vulnerability {unknown}
 l - a scroll of magic mapping {unknown}
 m - a scroll of noise {unknown}
 p - 4 scrolls of identify {unknown}
 q - a scroll of fear {unknown}
 t - a scroll of enchant weapon {unknown}
 x - a scroll of enchant armour {unknown}
Potions
 b - a potion of degeneration
 d - a potion of haste {unknown}
 h - 2 potions of curing {unknown}
 i - a potion of flight {unknown}
 o - 2 potions of brilliance {unknown}
 u - a potion of resistance {unknown}


   Skills:
 + Level 6.4 Fighting
 * Level 9.2 Axes
 - Level 2.4 Dodging
 + Level 2.7 Shields
 + Level 1.3 Invocations


You had 6 spell levels left.
You didn't know any spells.
Your spell library contained the following spells:

 Spells                   Type           Power      Damage    Failure   Level
 Dazzling Flash           Conj/Hex       0%         N/A       100%        3
 Agony                    Necr           0%         N/A       100%        5
 Silence                  Hex/Air        0%         N/A       100%        5


Dungeon Overview and Level Annotations

Branches:
Dungeon (4/15)             Temple (0/1) D:4

Altars:

Annotations:
D:3 1 runed translucent door, Okkudo's ghost, amateur HOMo
D:4 Pikel


Message History

The lemure is moderately wounded.
You barely miss the lemure. The lemure hits you. You block the lemure's attack.
The lemure attacks as you move away! The lemure hits you but does no damage.
There is an open door here.
You block the lemure's attack.
You barely miss the lemure.
Pikel looks more healthy.
The lemure completely misses you.
You slash the lemure!
The lemure is severely wounded.
You hit the lemure. The lemure hits you. You block the lemure's attack.
You slash the lemure!
You kill the lemure!
That felt strangely unrewarding.
You hit the lemure but do no damage. You block the lemure's attack.
The lemure hits you but does no damage.
Pikel hits you with a +1 whip of electrocution.
There is an open door here.
Pikel is no longer moving slowly.
The lemure hits you but does no damage.
You barely miss the lemure.
The lemure is lightly wounded.
You closely miss Pikel. You block the lemure's attack.
Pikel hits you with a +1 whip of electrocution.
You are electrocuted!
The lemure barely misses you.
You closely miss the lemure.
The lemure is lightly wounded.
You slash Pikel! You block Pikel's attack. The lemure hits you.
You barely miss the lemure.
The lemure is lightly wounded.
You closely miss Pikel. You block Pikel's attack. The lemure hits you.
Pikel hits you with a +1 whip of electrocution.
You are electrocuted!
* * * LOW HITPOINT WARNING * * *
You block the lemure's attack. Pikel attacks as you move away!
You block Pikel's attack.
Okay, then.
It was a potion of degeneration.
There was something very wrong with that liquid.
You feel weakened.
You feel dopey.
You feel clumsy. Pikel hits you but does no damage.
You are electrocuted!
You die...

######### #.......#
#.......###### #.......##...#
######## ####
#.......##...########....... ...#
#........5...'.............. ...#
#......###K5.########.......
...###......# #.@.# #.......
........(...# #...########.......
...##......)# #...##....###...###
#..##.......# #...##....# #...#
#.###.......# ####......# #...###
#.# #.5.....# #......# #...#..
..# #.......# #......# #####..
### #.......# ####...#### #..
..###.......###......##########..


You could see Pikel and 2 lemures.

Vanquished Creatures
  Grinder (D:3)
  Sigmund (D:2)
  An ice beast (D:4)
  An ogre (D:4)
  2 lemures (D:4)
  A hound (D:4)
  An iguana (D:4)
  Jessica (D:2)
  Robin (D:3)
  3 adders
  3 worms
  2 dart slugs
  3 orcs
  2 endoplasms (D:1)
  7 giant cockroaches
  7 goblins
  10 hobgoblins
  14 jackals
  3 quokkas
  9 ball pythons
  6 bats
  A frilled lizard (D:1)
  9 kobolds
  5 rats
94 creatures vanquished.

Vanquished Creatures (others)
  A hobgoblin (D:3)
1 creature vanquished.

Grand Total: 95 creatures vanquished

Notes
Turn   | Place    | Note
-------+----------+-------------------------------------------
     0 | D:1      | Okkudo the Hill Orc Monk began the quest for the Orb.
     0 | D:1      | Reached XP level 1. HP: 19/19 MP: 1/1
    79 | D:1      | Found a faded altar of an unknown god.
   101 | D:1      | Reached XP level 2. HP: 21/27 MP: 2/2
   322 | D:1      | Reached skill level 5 in Axes
   391 | D:1      | Reached XP level 3. HP: 33/33 MP: 3/3
  1169 | D:2      | Noticed Sigmund
  1189 | D:2      | Killed Sigmund
  1190 | D:2      | Reached skill level 5 in Fighting
  1190 | D:2      | Reached skill level 7 in Axes
  1190 | D:2      | Reached XP level 4. HP: 20/42 MP: 4/4
  1190 | D:2      | Reached XP level 5. HP: 22/48 MP: 5/5
  1374 | D:2      | Noticed Jessica
  1378 | D:2      | Killed Jessica
  1460 | D:2      | Reached XP level 6. HP: 56/56 MP: 6/6
  2158 | D:3      | Noticed Robin
  2170 | D:3      | Killed Robin
  2285 | D:3      | Found a runed translucent door.
  2286 | D:3      | Noticed Okkudo's ghost (amateur HOMo)
  2437 | D:3      | Became a worshipper of Beogh the Brigand
  2437 | D:3      | Reached * piety under Beogh
  2437 | D:3      | Reached ** piety under Beogh
  2521 | D:3      | Identified the +6 whip "Ricsox" {vamp, Stlth+}
  2749 | D:3      | Noticed Grinder
  2755 | D:3      | Paralysed by Grinder for 2 turns
  2775 | D:3      | Killed Grinder
  2776 | D:3      | Reached skill level 8 in Axes
  2776 | D:3      | Reached skill level 1 in Shields
  2776 | D:3      | Reached XP level 7. HP: 26/62 MP: 7/7
  3225 | D:4      | Found a staircase to the Ecumenical Temple.
  3594 | D:4      | Reached skill level 9 in Axes
  3594 | D:4      | Reached skill level 1 in Invocations
  3770 | D:4      | Noticed Pikel
  3790 | D:4      | Mangled by Pikel

Illustrated notes

Levels and vault maps discovered:
D:1:      zelgadis_glass_arrival_small, layout_basic,
          hellmonk_ecumenical_altar_pennies_from_heaven, minivault_25,
          minivault_24, amcnicky_mini_corridor_feature, grunt_decor_clamped,
          dk_noncrumbling_3, chequers_hall_statues_wall_a,
          roderic_serpentine_path, minmay_curled_crystal,
          minmay_misc_feat_columns, minmay_nonomino_d4
D:2:      layout_loops_corners, uniq_jessica, uniq_sigmund
D:3:      layout_basic, gammafunk_ghost_grave, minmay_checkerbox, uniq_robin,
          uniq_grinder
D:4:      layout_basic, minmay_temple_entry_drinking_statues, uniq_pikel

Skill      XL: |  1  2  3  4  5  6  7 |
---------------+----------------------+-----
Fighting       | 4 5 6 |  6.4
Axes           | 5 7 8 9 |  9.2
Shields        | 1 2 |  2.7
Invocations    | 1 |  1.3
Dodging        | |  2.4

Action                     |  1- 3 |  4- 6 |  7- 9 || total
---------------------------+-------+-------+-------++-------
  Melee: Hand axe          |   102 |   169 |    47 ||   318
         War axe           |       |       |    62 ||    62
  Throw: Dart              |       |       |     1 ||     1
 Invoke: Convert to Beogh  |       |     1 |       ||     1
    Use: Potion            |     1 |       |     1 ||     2
 Armour: Robe              |     9 |       |       ||     9
         Leather armour    |    15 |       |       ||    15
         Chain mail        |     1 |    99 |    62 ||   162
  Dodge: Dodged            |    71 |    17 |    11 ||    99
  Block: Tower shield      |       |    68 |    83 ||   151
